 Dungeon Crawl Stone Soup version 0.23-b1-49-g13d5857 (webtiles) character file.

Game seed: 10030874604577740693

974 HEYYEYAAE the Quickloader (level 8, -5/76 HPs)
             Began as an Octopode Hunter on Feb 4, 2019.
             Slain by an ogre
             ... wielding a +0 giant spiked club
              (7 damage)
             ... on level 5 of the Dungeon.
             The game lasted 00:05:22 (5314 turns).

HEYYEYAAE the Quickloader (Octopode Hunter)         Turns: 5314, Time: 00:05:23

Health: -5/76      AC: 24    Str: 11    XL:     8   Next: 16%
Magic:  8/8        EV:  2    Int: 14    God:
Gold:   281        SH:  0    Dex: 14    Spells: 7/7 levels left

rFire    . . .     SeeInvis .   v - +0 trident (venom)
rCold    . . .     Gourm    .   (no shield)
rNeg     + + +     Faith    .   (helmet currently unavailable)
rPois    +         Spirit   .   (no amulet)
rElec    .         Reflect  .   u - ring of stealth
rCorr    .         Harm     .   (no ring)
MR       .....     NoTele   +   (no ring)
Stlth    +++.......             (no ring)
HPRegen  0.22/turn              (no ring)
MPRegen  0.11/turn              (no ring)
                                (no ring)
                                (no ring)

@: tree-form
A: almost no armour, stealthy swim, (amphibious), 8 rings, (constrict 8)
a: no special abilities


You were on level 5 of the Dungeon.
You were very hungry.
You were a tree.
You visited 2 branches of the dungeon, and saw 6 of its levels.

You collected 281 gold pieces.

Inventory:

Hand Weapons
 a - a +1 hand crossbow
 v - a +0 trident of venom (weapon)
Missiles
 c - 8 bolts
Jewellery
 u - a ring of stealth (left branch)
Wands
 q - a wand of digging (4)
Scrolls
 j - 4 scrolls of enchant armour
 k - 3 scrolls of amnesia
 n - 4 scrolls of remove curse
 s - 2 scrolls of enchant weapon
Potions
 f - 2 potions of curing
 l - a potion of lignification
 m - a potion of mutation {unknown}
 o - a potion of brilliance {unknown}
 p - a potion of might {unknown}
 r - a potion of ambrosia {unknown}
Comestibles
 d - 15 rations


   Skills:
 + Level 2.3 Fighting
 + Level 9.8 Crossbows
 + Level 2.3 Dodging
 - Level 1.3 Stealth


You had 7 spell levels left.
You didn't know any spells.
Your spell library was empty.

Dungeon Overview and Level Annotations

Branches:
Dungeon (5/15)             Temple (1/1) D:4

Altars:
Ashenzari
Cheibriados
Dithmenos
Fedhas
Gozag
Hepliaklqana
Makhleb
Nemelex Xobeh
Qazlal
Ru
Trog
Uskayaw
Vehumet
Wu Jian
Xom
Yredelemnul
Zin
The Shining One


Innate Abilities, Weirdness & Mutations

You cannot wear most types of armour.
You are very stealthy in the water. (Stealth+)
((You are amphibious.))
You can wear up to eight rings at the same time.
((You can use your tentacles to constrict eight enemies at once.))
((Your skin changes colour to match your surroundings (Stealth+).))
((Your rubbery body absorbs attacks. (AC +1, EV +1)))


Message History

You kill the orc!
The orc hits you but does no damage. x2
You barely miss the ogre. The orc hits you with a +0 flail.
* * * LOW HITPOINT WARNING * * *
The ogre completely misses you. The orc hits you but does no damage. x2
You hit the ogre.
The ogre is poisoned.
The ogre is lightly wounded.
The sky beast flickers out of sight!
Deactivating autopickup; reactivate with Ctrl-A.
The ogre hits you with a +0 giant spiked club!
* * * LOW HITPOINT WARNING * * *
The orc hits you but does no damage.
A sky beast appears from thin air!
Reactivating autopickup.
The orc hits you with a +0 flail.
* * * LOW HITPOINT WARNING * * *
You completely miss the ogre.
The ogre is moderately wounded.
The orc hits you but does no damage.
The ogre hits you with a +0 giant spiked club!
You die...

#... ..
#...# ...
####..$#
##...
.....)# .§.
## #.....
... #.
#...##Y## #.
#...#o..###.
#.?)♣O......
###)#o..####
#.##.>[...
#.# .#####
#.# # #.#
#.# #.#
####### #.#
.......


You could see a sky beast, an ogre and 2 orcs.

Vanquished Creatures
  An ice beast (D:5)
  A sky beast (D:2)
  An ogre (D:5)
  A bullfrog (D:4)
  A scorpion (D:3)
  2 crimson imps
  A bullfrog skeleton (D:5)
  A jelly (D:5)
  An iguana (D:4)
  5 orc wizards
  3 worker ants
  Robin (D:2)
  8 adders
  2 oozes
  An adder skeleton (D:5)
  3 dart slugs
  5 leopard geckos
  12 orcs
  2 ball pythons
  7 giant cockroaches
  19 goblins
  14 hobgoblins
  11 jackals
  12 kobolds
  8 bats
  4 frilled lizards
  A jackal skeleton (D:4)
  2 leopard gecko skeletons (D:4)
  6 rats
136 creatures vanquished.

Notes
Turn   | Place    | Note
-------+----------+-------------------------------------------
     0 | D:1      | HEYYEYAAE the Octopode Hunter began the quest for the Orb.
     0 | D:1      | Reached XP level 1. HP: 14/14 MP: 1/1
    81 | D:1      | Reached XP level 2. HP: 10/19 MP: 2/2
   614 | D:1      | Reached XP level 3. HP: 24/24 MP: 3/3
   617 | D:1      | Reached skill level 5 in Crossbows
  1041 | D:2      | Noticed a sky beast
  1133 | D:2      | Reached XP level 4. HP: 29/29 MP: 4/4
  1428 | D:2      | Found a basalt altar of Yredelemnul.
  1482 | D:2      | Reached skill level 6 in Crossbows
  1581 | D:2      | Reached XP level 5. HP: 27/34 MP: 5/5
  1595 | D:2      | Noticed Robin
  1598 | D:2      | Killed Robin
  1827 | D:2      | Killed a sky beast
  1827 | D:2      | Reached skill level 7 in Crossbows
  1827 | D:2      | Reached XP level 6. HP: 28/39 MP: 6/6
  2785 | D:3      | Reached skill level 8 in Crossbows
  3012 | D:3      | Reached XP level 7. HP: 43/45 MP: 7/7
  3818 | D:4      | Found a staircase to the Ecumenical Temple.
  3833 | Temple   | Entered the Ecumenical Temple
  4510 | D:5      | Entered Level 5 of the Dungeon
  4518 | D:5      | Reached skill level 9 in Crossbows
  4839 | D:5      | HP: 1/45 [ogre/+0 giant club (31)]
  4849 | D:5      | Reached XP level 8. HP: 2/50 MP: 8/8
  5313 | D:5      | HP: 2/76 [orc/+0 flail (2)]
  5314 | D:5      | Slain by an ogre

Skill      XL: |  1  2  3  4  5  6  7 |
---------------+----------------------+-----
Crossbows      | 5 6 7 8 9 |  9.8
Fighting       | |  2.3
Dodging        | |  2.3
Stealth        | |  1.3

Action                   |  1- 3 |  4- 6 |  7- 9 || total
-------------------------+-------+-------+-------++-------
Melee: Short sword       |     6 |       |       ||     6
       Constrict         |     2 |     2 |    16 ||    20
       Trident           |       |    15 |   108 ||   123
       Tentacles         |       |     1 |    10 ||    11
 Fire: Hand crossbow     |    48 |   151 |       ||   199
  Use: Potion            |       |     4 |     3 ||     7
       Scroll            |       |     1 |     4 ||     5
 Stab: Sleeping          |       |       |    11 ||    11
  Eat: Chunk             |       |     6 |     3 ||     9
       Ration            |       |       |     1 ||     1
Armor: Skin              |     2 |     8 |    25 ||    35
Dodge: Dodged            |    10 |    48 |    58 ||   116
